 Dungeon Crawl Stone Soup version 0.23.1-37-gaa34b87b72 (webtiles) character file.

Game seed: 6521913701417744470

3967 nygusnygus the Quickloader (level 10, -10/83 HPs)
             Began as a Centaur Hunter on Mar 20, 2019.
             Was a Believer of Nemelex Xobeh.
             Killed by a card of wild magic (29 damage)
             ... on level 8 of the Dungeon.
             The game lasted 00:55:39 (8845 turns).

nygusnygus the Quickloader (Centaur Hunter)         Turns: 8845, Time: 00:55:40

Health: -10/83     AC: 11    Str: 15    XL:     10   Next: 2%
Magic:  10/10      EV:  9    Int: 10    God:    Nemelex Xobeh [**....]
Gold:   409        SH:  5    Dex: 19    Spells: 9/9 levels left

rFire    . . .     SeeInvis .   H - +2 whip (elec)
rCold    . . .     Gourm    .   h - +0 buckler
rNeg     . . .     Faith    .   D - +2 scale mail {rPois}
rPois    +         Spirit   .   c - +0 helmet
rElec    .         Reflect  .   F - +0 cloak
rCorr    .         Harm     .   (no gloves)
MR       .....                  (no barding)
Stlth    ..........             w - amulet of regeneration
HPRegen  0.63/turn              A - +3 ring of dexterity
MPRegen  0.12/turn              L - +3 ring of dexterity

@: lethally poisoned (-10 -> -10), about to teleport, marked, very quick
A: large, hooves 3, deformed body, speed 2, tough skin 3
a: Draw Escape, Draw Destruction, Draw Summoning, Renounce Religion


You were on level 8 of the Dungeon.
You worshipped Nemelex Xobeh.
Nemelex Xobeh was pleased with you.
You were not hungry.

You visited 2 branches of the dungeon, and saw 9 of its levels.

You collected 461 gold pieces.
You spent 52 gold pieces at shops.

Inventory:

Hand Weapons
 a - a +1 hand crossbow
 n - a +4 vampiric spear
 u - a +0 whip of venom
 z - a +0 blowgun
 H - a +2 whip of electrocution (weapon)
 J - a +0 shortbow
 K - a +0 hunting sling
Missiles
 e - 120 arrows
 j - 8 needles of confusion
 m - 17 bolts
 t - 204 stones (quivered)
 x - 11 poisoned needles
 B - a throwing net
 G - 7 steel tomahawks
Armour
 c - a +0 helmet (worn)
 h - a +0 buckler (worn)
 k - a +0 leather armour
 D - a +2 scale mail of poison resistance (worn)
 F - a +0 cloak (worn)
Jewellery
 w - an amulet of regeneration (around neck)
 A - a +3 ring of dexterity (left hand)
 L - a +3 ring of dexterity (right hand)
Wands
 I - a wand of random effects (10)
 N - a wand of enslavement (9)
Scrolls
 d - 4 scrolls of teleportation
 l - 2 scrolls of remove curse
 o - 2 scrolls of enchant armour {unknown}
 p - 2 scrolls of random uselessness {unknown}
 q - a scroll of magic mapping {unknown}
 v - 7 scrolls of identify {unknown}
 y - 2 scrolls of enchant weapon {unknown}
 C - 2 scrolls of torment {unknown}
 M - a scroll of noise {unknown}
 Q - a scroll of vulnerability {unknown}
Potions
 g - a potion of degeneration {unknown}
 i - a potion of haste {unknown}
 r - 2 potions of invisibility {unknown}
 s - 2 potions of curing {unknown}
 E - a potion of agility {unknown}
 O - a potion of heal wounds {unknown}
 P - a potion of magic {unknown}
Comestibles
 b - 10 chunks of flesh
 f - 14 rations


   Skills:
 + Level 6.2 Fighting
 + Level 4.7 Maces & Flails
 + Level 0.8 Bows
 + Level 9.3 Crossbows
 + Level 3.6 Throwing
 + Level 4.4 Armour
 * Level 4.4 Dodging
 - Level 0.7 Stealth
 + Level 1.4 Shields


You had 9 spell levels left.
You didn't know any spells.
Your spell library contained the following spells:

 Spells                   Type           Power        Failure   Level  Hunger
 Freeze                   Ice            #...         86%         1    ##.....
 Throw Frost              Conj/Ice       #.....       95%         2    ###....
 Ozocubu's Armour         Chrm/Ice       #.......     99%         3    ####...
 Summon Ice Beast         Ice/Summ       #.......     100%        4    #####..
 Throw Icicle             Conj/Ice       #.......     100%        4    #####..


Dungeon Overview and Level Annotations

Branches:
Dungeon (8/15)             Temple (1/1) D:6
   Lair: D:8-11

Altars:
Ashenzari
Cheibriados
Dithmenos
Elyvilon
Fedhas
Gozag
Hepliaklqana
Makhleb
Nemelex Xobeh
Qazlal
Ru
Vehumet
Wu Jian
Xom
Yredelemnul
Zin
The Shining One
Jiyva

Shops:
D:6 *

Annotations:
D:1 CHUJ WAM W DUPE


Innate Abilities, Weirdness & Mutations

You have hooves in place of feet.
Armour fits poorly on your strangely shaped body.
You cover ground very quickly.
You have extremely tough skin. (AC +3)


Message History

The blast of lightning engulfs the killer bee!
The killer bee is severely wounded.
The blast of lightning engulfs you!
* * * LOW HITPOINT WARNING * * *
The blast of lightning engulfs the killer bee!
The killer bee is severely wounded.
The blast of lightning engulfs the black bear!
The black bear is almost dead.
The blast of lightning engulfs the killer bee.
You kill the killer bee!
The blast of lightning engulfs the killer bee!
You kill the killer bee!
The explosion engulfs the killer bee!!
The killer bee dies!
You have reached level 10!
The explosion engulfs the black bear!!
The black bear dies!
The explosion engulfs you!!
You die...
Your body disappears without a glow.

##.....##........
##..............o.....
#............oh.......
#..............o......
#..[....<.............
#...........OFYh.y.(..
#.....>....yy†††o.....
#..........y†y.†...#
##.........y††@.##
##.....##.y.††##
###########†## #h# #h#
#.# .[. $.. ...


You could see a black bear, an ice beast, an ogre, 2 wolves, a bullfrog, a
hound, 7 killer bees, an orc wizard and 3 orcs.

Vanquished Creatures
  Sigmund (D:5)
  Edmund (D:5)
  An orc warrior (D:6)
  A sky beast (D:5)
  3 phantoms
  2 centaurs (D:6)
  4 ogres
  2 bullfrogs
  A gnoll sergeant (D:6)
  5 killer bees
  2 howler monkeys (D:5)
  10 crimson imps
  A bullfrog zombie (D:5)
  A hound (D:6)
  A bullfrog skeleton (D:6)
  A gnoll shaman (D:6)
  A jelly (D:5)
  An orc priest (D:4)
  9 orc wizards
  Natasha (D:4)
  7 worker ants
  50 gnolls
  9 adders
  2 shadow imps
  An ooze (D:3)
  An adder skeleton (D:6)
  2 adder zombies (D:5)
  2 worms
  2 dart slugs (D:1)
  6 leopard geckos
  29 orcs
  5 giant cockroaches
  3 goblins
  4 hobgoblins (D:1)
  31 jackals
  A quokka (D:3)
  A ball python (D:7)
  A ball python zombie (D:6)
  9 bats
  8 frilled lizards
  A jackal skeleton (D:6)
  9 kobolds
  A leopard gecko skeleton (D:4)
  10 rats
244 creatures vanquished.

Vanquished Creatures (others)
  A black bear (D:8)
  2 wolves (D:8)
  7 killer bees (D:8)
  A ball lightning (D:8)
11 creatures vanquished.

Grand Total: 255 creatures vanquished

Notes
Turn   | Place    | Note
-------+----------+-------------------------------------------
     0 | D:1      | nygusnygus the Centaur Hunter began the quest for the Orb.
     0 | D:1      | Reached XP level 1. HP: 17/17 MP: 1/1
    39 | D:1      | Reached XP level 2. HP: 24/24 MP: 2/2
   193 | D:1      | Reached skill level 5 in Crossbows
   485 | D:1      | Reached XP level 3. HP: 29/29 MP: 3/3
  1071 | D:2      | Found a burning altar of Makhleb.
  1587 | D:3      | Found a faded altar of an unknown god.
  1945 | D:3      | Reached XP level 4. HP: 37/37 MP: 4/4
  2337 | D:3      | Found an ornate altar of the Wu Jian Council.
  2516 | D:3      | HP: 1/37 [goblin/+2 dagger of electrocution (18)]
  2616 | D:3      | Reached skill level 1 in Armour
  2789 | D:4      | Reached XP level 5. HP: 26/42 MP: 5/5
  2911 | D:4      | Reached skill level 6 in Crossbows
  2911 | D:4      | Reached skill level 1 in Throwing
  3157 | D:4      | Reached XP level 6. HP: 23/50 MP: 6/6
  3362 | D:4      | Reached skill level 7 in Crossbows
  3371 | D:4      | Found a basalt altar of Yredelemnul.
  3427 | D:4      | Reached XP level 7. HP: 57/57 MP: 7/7
  3640 | D:4      | Noticed Natasha
  3648 | D:4      | Killed Natasha
  3836 | D:4      | Found a shadowy altar of Dithmenos.
  3868 | D:4      | Found a sacrificial altar of Ru.
  4208 | D:5      | Entered Level 5 of the Dungeon
  4222 | D:5      | Reached skill level 8 in Crossbows
  4477 | D:5      | Reached XP level 8. HP: 66/66 MP: 8/8
  4679 | D:5      | Noticed Edmund
  4850 | D:5      | Reached skill level 1 in Maces & Flails
  4924 | D:5      | Noticed Sigmund
  5017 | D:5      | Found a sparkling altar of Nemelex Xobeh.
  5017 | D:5      | Found a snail-covered altar of Cheibriados.
  5040 | D:5      | Became a worshipper of Nemelex Xobeh the Trickster
  5121 | D:5      | Killed Sigmund
  5283 | D:5      | Killed Edmund
  5399 | D:5      | Found a blossoming altar of Fedhas.
  5425 | D:5      | Received a gift from Nemelex Xobeh
  5740 | D:6      | Reached skill level 5 in Fighting
  6243 | D:6      | Reached XP level 9. HP: 74/74 MP: 9/9
  6269 | D:6      | Found Xuxusef's Assorted Antiques.
  6288 | D:6      | Bought a ring of dexterity for 52 gold pieces
  6418 | D:6      | Found a staircase to the Ecumenical Temple.
  6421 | D:6      | Reached skill level 9 in Crossbows
  6422 | D:6      | Reached * piety under Nemelex Xobeh
  6445 | Temple   | Entered the Ecumenical Temple
  7891 | D:7      | Received a gift from Nemelex Xobeh
  7918 | D:7      | Reached ** piety under Nemelex Xobeh
  8489 | D:7      | Reached skill level 1 in Shields
  8696 | D:7      | Found an opulent altar of Gozag.
  8696 | D:7      | Found a stormy altar of Qazlal.
  8701 | D:7      | Found a glowing silver altar of Zin.
  8703 | D:7      | Found a radiant altar of Vehumet.
  8708 | D:7      | Found a glowing golden altar of the Shining One.
  8825 | D:8      | Received a gift from Nemelex Xobeh
  8845 | D:8      | Reached XP level 10. HP: 19/83 MP: 10/10
  8845 | D:8      | Killed by a card of wild magic

Skill      XL: |  1  2  3  4  5  6  7  8  9 |
---------------+----------------------------+-----
Crossbows      | 5 6 7 8 9 |  9.3
Armour         | 1 2 3 4 |  4.4
Dodging        | 2 3 4 |  4.4
Throwing       | 1 3 |  3.6
Fighting       | 3 4 5 6 |  6.2
Maces & Flails | 2 4 |  4.7
Shields        | 1 |  1.4
Bows           | |  0.8
Stealth        | |  0.7

Action                   |  1- 3 |  4- 6 |  7- 9 | 10-12 || total
-------------------------+-------+-------+-------+-------++-------
Melee: Whip              |    17 |    48 |   386 |       ||   451
       Kick              |     3 |    13 |   115 |       ||   131
       Hand crossbow     |       |     2 |     1 |       ||     3
 Fire: Hand crossbow     |    87 |   102 |   148 |       ||   337
       Blowgun           |       |     1 |     9 |       ||    10
       Shortbow          |       |       |     7 |       ||     7
Throw: Stone             |    18 |    16 |    55 |       ||    89
       Tomahawk          |       |     1 |     9 |       ||    10
  Use: Scroll            |     4 |     1 |     2 |       ||     7
       Potion            |       |       |     1 |       ||     1
  Eat: Chunk             |     2 |     3 |     7 |       ||    12
       Ration            |       |       |     2 |       ||     2
Armor: Leather armour    |    29 |    36 |    30 |       ||    95
       Scale mail        |       |       |   193 |       ||   193
Dodge: Dodged            |    30 |    61 |   218 |       ||   309
Block: Buckler           |       |       |    43 |       ||    43
